 Dungeon Crawl Stone Soup version 0.31-a0-656-gb4d89c20fa (webtiles) character file.

Game seed: 10330572785704414630

34 FabledHydra the Chopper (level 3, 0/31 HPs)
             Began as a Minotaur Berserker on Aug 30, 2023.
             Was a Follower of Trog.
             Slain by a worm (10 damage)
             ... on level 2 of the Dungeon.
             The game lasted 00:01:58 (747 turns).

FabledHydra the Chopper (Minotaur Berserker)         Turns: 747, Time: 00:01:58

Health: 0/31       AC:  3    Str: 23    XL:     3   Next: 14%
Magic:  2/2        EV: 11    Int:  4    God:    Trog [*.....]
Gold:   86         SH:  0    Dex:  9    Spells: 2/2 levels left

rFire   . . .        a - +0 hand axe
rCold   . . .        (no shield)
rNeg    . . .        h - +0 leather armour
rPois   .            (helmet restricted)
rElec   .            (no cloak)
rCorr   .            (no gloves)
SInv    .            (no boots)
Will    .....        (no amulet)
Stlth   +            (no ring)
HPRegen 0.25/turn    (no ring)
MPRegen 0.08/turn

%: no passive effects
@: no status effects
A: horns 2, retaliatory headbutt
a: Renounce Religion, Berserk


You were on level 2 of the Dungeon.
You worshipped Trog.
Trog was aware of your devotion.
You visited 1 branch of the dungeon, and saw 2 of its levels.

You collected 86 gold pieces.

Inventory:

Hand Weapons
 a - a +0 hand axe (weapon)
Armour
 h - a +0 leather armour (worn)
Scrolls
 e - a scroll of teleportation {unknown}
 f - a scroll of amnesia {unknown}
Potions
 b - a potion of mutation {unknown}
 c - 2 potions of curing {unknown}
 d - a potion of heal wounds {unknown}
 g - a potion of degeneration {unknown}


   Skills:
 - Level 3.6 Fighting
 - Level 3.6(4.2) Axes
 * Level 3.0(3.9) Maces & Flails
 - Level 0.4 Ranged Weapons
 - Level 0.4 Throwing
 - Level 2.4 Armour
 - Level 2.1 Dodging
 - Level 0.2 Shields
 - Level 0.1 Shapeshifting


You had 2 spell levels left.
You didn't know any spells.
Your spell library was empty.

Dungeon Overview and Level Annotations

Branches:
Dungeon (2/15)

Altars:

Shops:
D:1 !


Innate Abilities, Weirdness & Mutations

You have a pair of horns on your head.
You reflexively headbutt those who attack you in melee.


Message History

You slash the giant cockroach!
You kill the giant cockroach!
Trog accepts your kill.
No target in view!
No target in view!
No target in view!
No target in view!
You see here a giant cockroach corpse.
Found a book of Geomancy.
You see here a book of Geomancy.
b - a purple potion A worm comes into view.
The worm bites you but does no damage.
You hit the worm.
The worm is lightly wounded.
The worm misses you.
You hit the worm but do no damage.
The worm is lightly wounded.
You slash the worm!
The worm is heavily wounded.
The worm bites you!
You barely miss the worm.
The worm is moderately wounded.
The worm bites you.
You hit the worm. You headbutt the worm.
The worm is severely wounded.
You hit the worm.
The worm is severely wounded.
The worm bites you!
You are too injured to fight recklessly!
You are too injured to fight recklessly!
You are too injured to fight recklessly!
You are too injured to fight recklessly!
You are too injured to fight recklessly!
You are too injured to fight recklessly!
You are too injured to fight recklessly!
You barely miss the worm. Your headbutt misses the worm.
The worm is severely wounded.
The worm bites you!
You die...

#.... ###.. #####..
....... #######
..#########
......w@..############
#########............#
############.# #.#
#.### #.... #####


You could see a worm.

Vanquished Creatures
  An adder (D:2)
  A dart slug (D:1)
  A ball python (D:1)
  2 bats (D:1)
  3 endoplasms
  A giant cockroach (D:2)
  3 goblins (D:1)
  A hobgoblin (D:1)
  2 kobolds (D:1)
  A quokka (D:1)
  2 frilled lizards (D:1)
  3 rats (D:1)
21 creatures vanquished.

Notes
Turn   | Place    | Note
-------+----------+-------------------------------------------
     0 | D:1      | FabledHydra the Minotaur Berserker began the quest for the
                  | Orb.
     0 | D:1      | Reached XP level 1. HP: 19/19 MP: 0/0
    49 | D:1      | Reached skill level 1 in Maces & Flails
   141 | D:1      | Reached XP level 2. HP: 25/26 MP: 1/1
   153 | D:1      | Found Bien's Distillery.
   514 | D:2      | Reached XP level 3. HP: 30/31 MP: 2/2
   747 | D:2      | Slain by a worm

Illustrated notes

Levels and vault maps discovered:
D:1:      minmay_arrival_statue_studded, layout_rooms, serial_glass,
          glass_columns_b, glass_columns_a, glass_columns_a, serial_shops,
          nicolae_shop_industrial_runoff, minmay_pentomino_z4
D:2:      layout_loops_ring, shapermc_ecumenical_altar_petra

Skill      XL: |  1  2  3 |
---------------+----------+-----
Maces & Flails | 1 2 3 |  3.0
Fighting       | |  3.6
Axes           | |  3.6
Ranged Weapons | |  0.4
Throwing       | |  0.4
Armour         | |  2.4
Dodging        | |  2.1
Shields        | |  0.2
Shapeshifting  | |  0.1

Action                     || total
---------------------------++-------
  Melee: Hand axe          ||    42
         Headbutt          ||     4
 Armour: Animal skin       ||     6
         Leather armour    ||     6
  Dodge: Dodged            ||    20

Table legend: (Time is in decaauts)
 A = Elapsed time spent in this place.
 B = Non-inter-level travel time spent in this place.
 C = Inter-level travel time spent in this place.
 D = Time resting spent in this place.
 E = Time spent auto-exploring this place.
 F = Levels seen in this place.
 G = Mean time per level.
                   A        B        C        D        E       F      G
               +--------+--------+--------+--------+--------+-----+--------+
         Total |    752 |    726 |     26 |      0 |    572 |   2 |  376.0 |
       Dungeon |    752 |    726 |     26 |      0 |    572 |   2 |  376.0 |
               +--------+--------+--------+--------+--------+-----+--------+

Top non-repeatable levels by time:
     D:1: 489 daAuts
     D:2: 263 daAuts
